Pick #1

Connor Bedard
Pick #2

Leo Carlsson
Pick #3

Adam Fantilli
Pick #4

Matvei Michkov
Pick #5

David Reinbacher
Pick #6

William Smith
Pick #7

Zachary Benson
Pick #8

Ryan Leonard
Pick #9

Gabriel Perreault
Pick #10

Axel Sandin-Pellika
Pick #11

Daniil But
Pick #12

Dalibor Dvorsky
Pick #13

Quentin Musty
Pick #14

Brayden Yager
Pick #15

Dmitry Simashev
Pick #16

Colby Barlow
Pick #17

Andrew Cristall
Pick #18

Easton Cowan
Pick #19

Jacob Fowler
Pick #20

Oliver Moore
Pick #21

Oliver Bonk
Pick #22

Tom Willander
Pick #23

Calum Ritchie
Pick #24

Tanner Molendyk
Pick #25

Gavin Brindley
Pick #26

Nate Danielson
Pick #27

Pick #28

Pick #29

Pick #30

Pick #31

Pick #32

Pick #33

Pick #34

Pick #35

Pick #36

Pick #37

Pick #38

Pick #39

Pick #40

Pick #41

Pick #42

Pick #43

Pick #44

Pick #45

Pick #46

Pick #47

Pick #48

Pick #49

Pick #50

Pick #51

Pick #52

Pick #53

Pick #54

Pick #55

Pick #56

Pick #57

Pick #58

Pick #59

Pick #60

Pick #61

Pick #62

Pick #63

Pick #64

Pick #65

Pick #66

Pick #67

Pick #68

Pick #69

Pick #70

Pick #71

Pick #72

Pick #73

Pick #74

Pick #75

Pick #76

Pick #77

Pick #78

Pick #79

Pick #80

Pick #81

Pick #82

Pick #83

Pick #84

Pick #85

Pick #86

Pick #87

Pick #88

Pick #89

Pick #90

Pick #91

Pick #92

Pick #93

Pick #94

Pick #95

Pick #96

Pick #97

Pick #98

Pick #99

Pick #100

Pick #101

Pick #102

Pick #103

Pick #104

Pick #105

Pick #106

Pick #107

Pick #108

Pick #109

Pick #110

Pick #111

Pick #112

Pick #113

Pick #114

Pick #115

Pick #116

Pick #117

Pick #118

Pick #119

Pick #120

Pick #121

Pick #122

Pick #123

Pick #124

Pick #125

Pick #126

Pick #127

Pick #128

Pick #129

Pick #130

Full Scoreboard »»

Flyers vs Panthers

Created - February 8, 2024 at 21:53

Goals
1 2 3 T
Flyers 2 2 1 5
Panthers 1 1 1 3
Shots
1 2 3 T
Flyers 14 6 9 29
Panthers 7 9 12 28

GoalsPenalties
1st period
1. Panthers , Michael McLeod 2 (Robby Fabbri 2, Charlie McAvoy 37) at 7:49
2. Flyers , Brandon Tanev 8 (Joel Farabee 13, Dante Fabbro 11) at 13:24
3. Flyers , Jake DeBrusk 8 (Aaron Ekblad 26, Eetu Luostarinen 18) at 14:16 (PP)
Mike Matheson (FLA) for Holding (Minor) at 13:47
Andrei Svechnikov (FLA) for High sticking (Minor) at 18:57
Brandon Tanev (PHI) for Interference (Minor) at 18:57
2nd period
4. Flyers , Eetu Luostarinen 7 (Vince Dunn 22, Aaron Ekblad 27) at 6:27
5. Flyers , Eric Staal 9 (Vince Dunn 23, Sam Lafferty 7) at 11:22
6. Panthers , Brady Tkachuk 9 (Jack Hughes 11, Roope Hintz 26) at 13:26
Jamie Benn (FLA) for Tripping (Minor) at 13:47
Chris Tanev (PHI) for Hooking (Minor) at 16:44
3rd period
7. Panthers , Brady Tkachuk 10 (Roope Hintz 27) at 0:47
8. Flyers , William Nylander 14 (Aaron Ekblad 28, Johnny Gaudreau 22) at 6:52
Charlie McAvoy (FLA) for Roughing (Minor) at 1:09
Eetu Luostarinen (PHI) for Tripping (Minor) at 9:32
Johnny Gaudreau (PHI) for Hooking (Minor) at 14:47
Jake Sanderson (FLA) for Tripping (Minor) at 18:44
Goalie Stats
Linus Ullmark (PHI), 25 saves from 28 shots - (0.893), W, 30-16-4, 60:00 minutes
Craig Anderson (FLA), 24 saves from 29 shots - (0.828), L, 5-1-0, 60:00 minutes
3 StarsOfficial
1 - Brady Tkachuk (FLA)
2 - Aaron Ekblad (PHI)
3 - Eetu Luostarinen (PHI)
Referees : Stephen Hiff and Gord Dwyer
Linesman : Glen Cooke and Steven Walsh
Game Note
No Game Note
Finance
Level 1 -- Attendance: 5844 (97.40%) -- Ticket Income $701,280
Level 2 -- Attendance: 4577 (91.54%) -- Ticket Income $425,661
Level 3 -- Attendance: 3234 (92.40%) -- Ticket Income $219,912
Level 4 -- Attendance: 2432 (64.85%) -- Ticket Income $104,576
Luxury Box -- Attendance: 926 (92.60%) -- Ticket Income $212,980
Game was played at the BBT Center.
Total Attendance: 17013 (88.38%)
Total Ticket Income: $1,664,409
Other Income: $416,102
Total Income: $2,080,511



Team Name Goals Shots Shots Attemp Shots Blocked PIM HIT PP PK FO%
Flyers 5294378121 / 4 (25%)054%
Panthers 32856110250 / 3 (0%)146%

Flyers
Player Name POS G A P +/- PIM HIT SHT SB MP PP MP PP SHT PK MP PK SHT FO% FOT
Aaron EkbladD0331023021:062:0812:3600% 0
Alex PietrangeloD000-1000124:322:0803:2100% 0
Brandon TanevLW1011212211:010:0001:45050% 2
Calle JarnkrokC000100209:190:0000:00058% 12
Chris TanevD0001200212:550:0000:0000% 0
Dante FabbroD0111000212:560:0000:0000% 0
Eetu LuostarinenC112220209:522:0800:00050% 12
Eric StaalC101200107:450:0000:000100% 1
Jake DeBruskLW101-2013016:202:0810:0000% 0
Jared McCannLW000-2021016:202:0800:00050% 2
Joel FarabeeLW011100209:190:0000:0000% 2
Johnny GaudreauLW0110211018:593:3400:0000% 1
Mika ZibanejadC000-2003019:493:3421:45050% 22
Robert ThomasC0000003024:333:3404:12059% 37
Sam LaffertyC011203107:450:0000:0000% 0
Victor HedmanD000-1001025:583:3413:2100% 0
Vince DunnD0221002018:580:0002:3600% 0
William NylanderRW1010022024:333:3404:120100% 1
Panthers
Player Name POS G A P +/- PIM HIT SHT SB MP PP MP PP SHT PK MP PK SHT FO% FOT
Aleksander BarkovC0000026022:093:0210:17045% 31
Andrei SvechnikovRW0000231020:032:5510:0000% 0
Brady TkachukLW2021034016:202:5500:1200% 0
Charlie McAvoyD0111241124:113:3912:0000% 0
Frederick GaudreauC000-100009:190:0004:16088% 8
Jack HughesC0111003017:383:0200:0000% 2
Jake SandersonD0000240020:480:0001:4700% 0
Jamie BennLW000-1210011:140:0000:000100% 1
Matthew TkachukLW0000032020:113:0200:0000% 0
Michael McLeodC101-100106:170:0001:1400% 1
Mikael BacklundC000-1001015:260:0004:11140% 20
Mike MathesonD000-2221013:032:1810:0000% 0
Oliver Ekman-LarssonD000-2012013:300:0001:5500% 0
Owen PowerD0000020023:132:1802:4200% 0
Quinn HughesD0001002025:123:3923:0000% 0
Reilly SmithRW000-1000012:290:0001:14050% 2
Robby FabbriC011-100005:030:0000:0000% 1
Roope HintzC0221004016:082:5510:00042% 26



Play-by-Play

1st period


0:01 of 1st period - Robert Thomas wins face-off versus Aleksander Barkov in neutral zone.
0:32 of 1st period - Shot by Johnny Gaudreau.
0:32 of 1st period - Stopped by Craig Anderson with a rebound.
0:40 of 1st period - Shot by Robert Thomas.
0:40 of 1st period - Shot Misses the Net.
0:56 of 1st period - Shot by Mika Zibanejad.
0:56 of 1st period - Shot Blocked by Charlie McAvoy.
1:14 of 1st period - Shot by Brady Tkachuk.
1:14 of 1st period - Stopped by Linus Ullmark without a rebound.
1:15 of 1st period - Mikael Backlund wins face-off versus Calle Jarnkrok in Flyers zone.
1:38 of 1st period - Shot by Brandon Tanev.
1:38 of 1st period - Deflect By Calle Jarnkrok.
1:38 of 1st period - Stopped by Craig Anderson without a rebound.
1:39 of 1st period - Roope Hintz wins face-off versus Eetu Luostarinen in Panthers zone.
1:39 of 1st period - Roope Hintz is hit by Sam Lafferty.
2:07 of 1st period - Icing by Aaron Ekblad.
2:08 of 1st period - Eetu Luostarinen wins face-off versus Robby Fabbri in Flyers zone.
2:30 of 1st period - Icing by Eric Staal.
2:31 of 1st period - Eetu Luostarinen wins face-off versus Roope Hintz in Flyers zone.
2:31 of 1st period - Vince Dunn is hit by Brady Tkachuk and loses puck.
2:52 of 1st period - Roope Hintz is hit by Jake DeBrusk.
2:55 of 1st period - Off-side.
2:56 of 1st period - Mikael Backlund wins face-off versus Robert Thomas in neutral zone.
3:05 of 1st period - Icing by Alex Pietrangelo.
3:06 of 1st period - Robert Thomas wins face-off versus Aleksander Barkov in Flyers zone.
3:06 of 1st period - Robert Thomas is hit by Andrei Svechnikov.
3:12 of 1st period - Victor Hedman is hit by Aleksander Barkov and loses puck.
3:21 of 1st period - Aleksander Barkov is hit by William Nylander and loses puck.
5:14 of 1st period - Shot by Aaron Ekblad.
5:14 of 1st period - Stopped by Craig Anderson without a rebound.
5:15 of 1st period - Frederick Gaudreau wins face-off versus Eetu Luostarinen in Panthers zone.
5:17 of 1st period - Mike Matheson is hit by Sam Lafferty and loses puck.
5:21 of 1st period - Mike Matheson is hit by Sam Lafferty and loses puck.
5:25 of 1st period - Off-side.
5:26 of 1st period - Robert Thomas wins face-off versus Roope Hintz in neutral zone.
5:28 of 1st period - Aaron Ekblad is hit by Charlie McAvoy and loses puck.
5:46 of 1st period - Shot by Jack Hughes.
5:46 of 1st period - Stopped by Linus Ullmark without a rebound.
5:47 of 1st period - Aleksander Barkov wins face-off versus Calle Jarnkrok in Flyers zone.
5:54 of 1st period - Oliver Ekman-Larsson is hit by Brandon Tanev.
5:55 of 1st period - Icing by Oliver Ekman-Larsson.
5:56 of 1st period - Aleksander Barkov wins face-off versus Calle Jarnkrok in Panthers zone.
6:27 of 1st period - Shot by Joel Farabee.
6:27 of 1st period - Shot Misses the Net.
6:37 of 1st period - Shot by Joel Farabee.
6:37 of 1st period - Stopped by Craig Anderson without a rebound.
6:38 of 1st period - Robert Thomas wins face-off versus Roope Hintz in Panthers zone.
6:54 of 1st period - Icing by Jake Sanderson.
6:55 of 1st period - Mika Zibanejad wins face-off versus Jack Hughes in Panthers zone.
6:55 of 1st period - Mika Zibanejad is hit by Jake Sanderson.
7:14 of 1st period - Icing by Vince Dunn.
7:15 of 1st period - Frederick Gaudreau wins face-off versus Mika Zibanejad in Flyers zone.
7:49 of 1st period - Shot by Michael McLeod.
7:49 of 1st period - Goal by Michael McLeod - Flyers : 0 - Panthers : 1.
7:50 of 1st period - Robert Thomas wins face-off versus Aleksander Barkov in neutral zone.
8:00 of 1st period - Icing by Matthew Tkachuk.
8:01 of 1st period - Calle Jarnkrok wins face-off versus Aleksander Barkov in Panthers zone.
8:04 of 1st period - Shot by Brandon Tanev.
8:04 of 1st period - Stopped by Craig Anderson without a rebound.
8:05 of 1st period - Robert Thomas wins face-off versus Jack Hughes in Panthers zone.
9:11 of 1st period - Dante Fabbro is hit by Brady Tkachuk and loses puck.
9:17 of 1st period - Jared McCann is hit by Jake Sanderson and loses puck.
9:47 of 1st period - Dante Fabbro is hit by Charlie McAvoy and loses puck.
10:07 of 1st period - Off-side.
10:08 of 1st period - Mikael Backlund wins face-off versus Eetu Luostarinen in neutral zone.
11:15 of 1st period - Shot by Robert Thomas.
11:15 of 1st period - Stopped by Craig Anderson without a rebound.
11:16 of 1st period - Aleksander Barkov wins face-off versus Joel Farabee in Panthers zone.
11:43 of 1st period - Shot by Matthew Tkachuk.
11:43 of 1st period - Stopped by Linus Ullmark without a rebound.
11:44 of 1st period - Frederick Gaudreau wins face-off versus Johnny Gaudreau in Flyers zone.
12:16 of 1st period - Icing by Victor Hedman.
12:17 of 1st period - Robert Thomas wins face-off versus Aleksander Barkov in Flyers zone.
12:19 of 1st period - Icing by Victor Hedman.
12:20 of 1st period - Aleksander Barkov wins face-off versus Robert Thomas in Flyers zone.
12:56 of 1st period - Icing by Andrei Svechnikov.
12:57 of 1st period - Jared McCann wins face-off versus Aleksander Barkov in Panthers zone.
13:06 of 1st period - Shot by Jared McCann.
13:06 of 1st period - Shot Misses the Net.
13:08 of 1st period - Shot by Jake DeBrusk.
13:08 of 1st period - Stopped by Craig Anderson without a rebound.
13:09 of 1st period - Calle Jarnkrok wins face-off versus Roope Hintz in Panthers zone.
13:09 of 1st period - Brandon Tanev is hit by Owen Power and loses puck.
13:24 of 1st period - Shot by Brandon Tanev.
13:24 of 1st period - Goal by Brandon Tanev - Flyers : 1 - Panthers : 1.
13:25 of 1st period - Mikael Backlund wins face-off versus Mika Zibanejad in neutral zone.
13:44 of 1st period - Icing by Mikael Backlund.
13:45 of 1st period - Robert Thomas wins face-off versus Mikael Backlund in Panthers zone.
13:45 of 1st period - Johnny Gaudreau is hit by Mike Matheson and loses puck.
13:47 of 1st period - Minor Penalty to Mike Matheson for Holding.
13:48 of 1st period - Mika Zibanejad wins face-off versus Mikael Backlund in Panthers zone.
14:10 of 1st period - Shot by Mika Zibanejad.
14:10 of 1st period - Stopped by Craig Anderson with a rebound.
14:12 of 1st period - Shot by Victor Hedman.
14:12 of 1st period - Stopped by Craig Anderson without a rebound.
14:13 of 1st period - Eetu Luostarinen wins face-off versus Mikael Backlund in Panthers zone.
14:14 of 1st period - Shot by Aaron Ekblad.
14:14 of 1st period - Stopped by Craig Anderson with a rebound.
14:16 of 1st period - Shot by Jake DeBrusk.
14:16 of 1st period - Goal by Jake DeBrusk - Flyers : 2 - Panthers : 1.
14:17 of 1st period - Calle Jarnkrok wins face-off versus Aleksander Barkov in neutral zone.
14:17 of 1st period - Calle Jarnkrok is hit by Andrei Svechnikov.
14:20 of 1st period - Aaron Ekblad is hit by Matthew Tkachuk and loses puck.
14:46 of 1st period - Shot by Aleksander Barkov.
14:46 of 1st period - Shot Misses the Net.
14:54 of 1st period - Icing by Charlie McAvoy.
14:55 of 1st period - Robert Thomas wins face-off versus Aleksander Barkov in Panthers zone.
14:58 of 1st period - Shot by Johnny Gaudreau.
14:58 of 1st period - Shot Misses the Net.
15:21 of 1st period - Icing by Charlie McAvoy.
15:22 of 1st period - Mika Zibanejad wins face-off versus Aleksander Barkov in Panthers zone.
15:26 of 1st period - Icing by Quinn Hughes.
15:27 of 1st period - Aleksander Barkov wins face-off versus Mika Zibanejad in Panthers zone.
15:45 of 1st period - Icing by Chris Tanev.
15:46 of 1st period - Roope Hintz wins face-off versus Mika Zibanejad in Flyers zone.
16:02 of 1st period - Icing by Owen Power.
16:03 of 1st period - Robert Thomas wins face-off versus Roope Hintz in Panthers zone.
16:23 of 1st period - Shot by Roope Hintz.
16:23 of 1st period - Stopped by Linus Ullmark without a rebound.
16:24 of 1st period - Mika Zibanejad wins face-off versus Mikael Backlund in Flyers zone.
16:24 of 1st period - Mika Zibanejad is hit by Jamie Benn.
16:39 of 1st period - Jamie Benn is hit by Aaron Ekblad and loses puck.
16:42 of 1st period - Shot by Oliver Ekman-Larsson.
16:42 of 1st period - Stopped by Linus Ullmark without a rebound.
16:43 of 1st period - Roope Hintz wins face-off versus Robert Thomas in Flyers zone.
16:55 of 1st period - Icing by Victor Hedman.
16:56 of 1st period - Jamie Benn wins face-off versus Robert Thomas in Flyers zone.
17:17 of 1st period - Shot by William Nylander.
17:17 of 1st period - Stopped by Craig Anderson with a rebound.
18:04 of 1st period - Jake DeBrusk is hit by Jake Sanderson.
18:57 of 1st period - Minor Penalty to Andrei Svechnikov for High sticking.
18:57 of 1st period - Minor Penalty to Brandon Tanev for Interference.
18:58 of 1st period - Robert Thomas wins face-off versus Aleksander Barkov in neutral zone.
19:06 of 1st period - Shot by Aleksander Barkov.
19:06 of 1st period - Stopped by Linus Ullmark with a rebound.
19:57 of 1st period - Shot by Aaron Ekblad.
19:57 of 1st period - Stopped by Craig Anderson without a rebound.
19:58 of 1st period - Roope Hintz wins face-off versus Joel Farabee in Panthers zone.
Goals for this period are 2 for Flyers vs 1 for Panthers.
Shots for this period are 14 for Flyers vs 7 for Panthers.

2nd period


0:01 of 2nd period - Robert Thomas wins face-off versus Aleksander Barkov in neutral zone.
0:56 of 2nd period - Shot by Brady Tkachuk.
0:56 of 2nd period - Shot Misses the Net.
1:19 of 2nd period - Icing by Aaron Ekblad.
1:20 of 2nd period - Calle Jarnkrok wins face-off versus Mikael Backlund in Flyers zone.
1:30 of 2nd period - Icing by Joel Farabee.
1:31 of 2nd period - Frederick Gaudreau wins face-off versus Calle Jarnkrok in Flyers zone.
2:51 of 2nd period - Off-side.
2:52 of 2nd period - Robert Thomas wins face-off versus Roope Hintz in neutral zone.
3:07 of 2nd period - Shot by William Nylander.
3:07 of 2nd period - Shot Misses the Net.
5:37 of 2nd period - Shot by Sam Lafferty.
5:37 of 2nd period - Stopped by Craig Anderson without a rebound.
5:38 of 2nd period - Roope Hintz wins face-off versus Robert Thomas in Panthers zone.
5:54 of 2nd period - Shot by Brady Tkachuk.
5:54 of 2nd period - Shot Misses the Net.
5:56 of 2nd period - Shot by Brady Tkachuk.
5:56 of 2nd period - Deflect By Jack Hughes.
5:56 of 2nd period - Shot Blocked by Dante Fabbro.
6:06 of 2nd period - Shot by Brady Tkachuk.
6:06 of 2nd period - Stopped by Linus Ullmark without a rebound.
6:07 of 2nd period - Eetu Luostarinen wins face-off versus Frederick Gaudreau in Flyers zone.
6:25 of 2nd period - Shot by Eetu Luostarinen.
6:25 of 2nd period - Stopped by Craig Anderson with a rebound.
6:27 of 2nd period - Shot by Eetu Luostarinen.
6:27 of 2nd period - Goal by Eetu Luostarinen - Flyers : 3 - Panthers : 1.
6:28 of 2nd period - Roope Hintz wins face-off versus Robert Thomas in neutral zone.
6:37 of 2nd period - Shot by Roope Hintz.
6:37 of 2nd period - Stopped by Linus Ullmark without a rebound.
6:38 of 2nd period - Aleksander Barkov wins face-off versus Jared McCann in Flyers zone.
7:13 of 2nd period - Shot by Jared McCann.
7:13 of 2nd period - Stopped by Craig Anderson without a rebound.
7:14 of 2nd period - Robert Thomas wins face-off versus Roope Hintz in Panthers zone.
7:55 of 2nd period - Shot by Roope Hintz.
7:55 of 2nd period - Stopped by Linus Ullmark without a rebound.
7:56 of 2nd period - Calle Jarnkrok wins face-off versus Aleksander Barkov in Flyers zone.
7:56 of 2nd period - Calle Jarnkrok is hit by Aleksander Barkov.
8:34 of 2nd period - Shot by Matthew Tkachuk.
8:34 of 2nd period - Stopped by Linus Ullmark without a rebound.
8:35 of 2nd period - Mika Zibanejad wins face-off versus Mikael Backlund in Flyers zone.
8:43 of 2nd period - Icing by Jamie Benn.
8:44 of 2nd period - Robert Thomas wins face-off versus Mikael Backlund in Panthers zone.
9:27 of 2nd period - Shot by Jamie Benn.
9:27 of 2nd period - Shot Blocked by Chris Tanev.
9:29 of 2nd period - Shot by Jamie Benn.
9:29 of 2nd period - Shot Hit the Post.
10:35 of 2nd period - Off-side.
10:36 of 2nd period - Eetu Luostarinen wins face-off versus Roope Hintz in neutral zone.
10:49 of 2nd period - Icing by Aaron Ekblad.
10:50 of 2nd period - Eetu Luostarinen wins face-off versus Mikael Backlund in Flyers zone.
10:59 of 2nd period - Eric Staal is hit by Oliver Ekman-Larsson and loses puck.
11:08 of 2nd period - Shot by Sam Lafferty.
11:08 of 2nd period - Shot Misses the Net.
11:17 of 2nd period - Sam Lafferty is hit by Mike Matheson and loses puck.
11:20 of 2nd period - Shot by Vince Dunn.
11:20 of 2nd period - Stopped by Craig Anderson with a rebound.
11:22 of 2nd period - Shot by Eric Staal.
11:22 of 2nd period - Goal by Eric Staal - Flyers : 4 - Panthers : 1.
11:23 of 2nd period - Roope Hintz wins face-off versus Robert Thomas in neutral zone.
11:23 of 2nd period - Owen Power is hit by Johnny Gaudreau and loses puck.
11:48 of 2nd period - Shot by Roope Hintz.
11:48 of 2nd period - Deflect By Jack Hughes.
11:48 of 2nd period - Stopped by Linus Ullmark without a rebound.
11:49 of 2nd period - Aleksander Barkov wins face-off versus Calle Jarnkrok in Flyers zone.
11:54 of 2nd period - Shot by Aleksander Barkov.
11:54 of 2nd period - Stopped by Linus Ullmark without a rebound.
11:55 of 2nd period - Aleksander Barkov wins face-off versus Mika Zibanejad in Flyers zone.
12:20 of 2nd period - Jared McCann is hit by Charlie McAvoy and loses puck.
12:48 of 2nd period - Icing by Aaron Ekblad.
12:49 of 2nd period - Mika Zibanejad wins face-off versus Roope Hintz in Flyers zone.
13:26 of 2nd period - Shot by Brady Tkachuk.
13:26 of 2nd period - Goal by Brady Tkachuk - Flyers : 4 - Panthers : 2.
13:27 of 2nd period - Calle Jarnkrok wins face-off versus Mikael Backlund in neutral zone.
13:32 of 2nd period - Shot by Calle Jarnkrok.
13:32 of 2nd period - Shot Misses the Net.
13:47 of 2nd period - Minor Penalty to Jamie Benn for Tripping.
13:48 of 2nd period - Mikael Backlund wins face-off versus Mika Zibanejad in Panthers zone.
15:44 of 2nd period - Off-side.
15:45 of 2nd period - Mika Zibanejad wins face-off versus Michael McLeod in neutral zone.
16:17 of 2nd period - Shot by Roope Hintz.
16:17 of 2nd period - Shot Blocked by Brandon Tanev.
16:19 of 2nd period - Shot by Brady Tkachuk.
16:19 of 2nd period - Shot Misses the Net.
16:21 of 2nd period - Shot by Oliver Ekman-Larsson.
16:21 of 2nd period - Deflect By Roope Hintz.
16:21 of 2nd period - Shot Misses the Net.
16:23 of 2nd period - Shot by Mike Matheson.
16:23 of 2nd period - Shot Blocked by Chris Tanev.
16:25 of 2nd period - Shot by Roope Hintz.
16:25 of 2nd period - Shot Blocked by Dante Fabbro.
16:44 of 2nd period - Minor Penalty to Chris Tanev for Hooking.
16:45 of 2nd period - Aleksander Barkov wins face-off versus Robert Thomas in Flyers zone.
17:07 of 2nd period - Icing by Quinn Hughes.
17:08 of 2nd period - Robert Thomas wins face-off versus Aleksander Barkov in Panthers zone.
17:21 of 2nd period - Shot by Aleksander Barkov.
17:21 of 2nd period - Stopped by Linus Ullmark without a rebound.
17:22 of 2nd period - Robert Thomas wins face-off versus Roope Hintz in Flyers zone.
17:39 of 2nd period - Shot by Andrei Svechnikov.
17:39 of 2nd period - Stopped by Linus Ullmark without a rebound.
17:40 of 2nd period - Roope Hintz wins face-off versus Robert Thomas in Flyers zone.
18:36 of 2nd period - Mika Zibanejad is hit by Matthew Tkachuk and loses puck.
Goals for this period are 2 for Flyers vs 1 for Panthers.
Shots for this period are 6 for Flyers vs 9 for Panthers.

3rd period


0:01 of 3rd period - Robert Thomas wins face-off versus Aleksander Barkov in neutral zone.
0:03 of 3rd period - William Nylander is hit by Charlie McAvoy and loses puck.
0:18 of 3rd period - Shot by Matthew Tkachuk.
0:18 of 3rd period - Deflect By Aleksander Barkov.
0:18 of 3rd period - Shot Misses the Net.
0:22 of 3rd period - Shot by Aleksander Barkov.
0:22 of 3rd period - Stopped by Linus Ullmark with a rebound.
0:24 of 3rd period - Shot by Aleksander Barkov.
0:24 of 3rd period - Stopped by Linus Ullmark without a rebound.
0:25 of 3rd period - Roope Hintz wins face-off versus Mika Zibanejad in Flyers zone.
0:45 of 3rd period - Shot by Roope Hintz.
0:45 of 3rd period - Shot Misses the Net.
0:47 of 3rd period - Shot by Brady Tkachuk.
0:47 of 3rd period - Goal by Brady Tkachuk - Flyers : 4 - Panthers : 3.
0:48 of 3rd period - Robert Thomas wins face-off versus Aleksander Barkov in neutral zone.
1:09 of 3rd period - Shot by Robert Thomas.
1:09 of 3rd period - Stopped by Craig Anderson without a rebound.
1:09 of 3rd period - Minor Penalty to Charlie McAvoy for Roughing.
1:10 of 3rd period - Frederick Gaudreau wins face-off versus Eetu Luostarinen in Panthers zone.
1:10 of 3rd period - Jake Sanderson is hit by Jared McCann and loses puck.
1:45 of 3rd period - Shot by Jake DeBrusk.
1:45 of 3rd period - Shot Misses the Net.
2:23 of 3rd period - Shot by Mika Zibanejad.
2:23 of 3rd period - Stopped by Craig Anderson without a rebound.
2:24 of 3rd period - Mika Zibanejad wins face-off versus Mikael Backlund in Panthers zone.
3:35 of 3rd period - Icing by Owen Power.
3:36 of 3rd period - Eric Staal wins face-off versus Aleksander Barkov in Panthers zone.
3:36 of 3rd period - Eric Staal is hit by Jake Sanderson.
4:17 of 3rd period - Shot by Eetu Luostarinen.
4:17 of 3rd period - Shot Misses the Net.
4:19 of 3rd period - Shot by Vince Dunn.
4:19 of 3rd period - Stopped by Craig Anderson without a rebound.
4:20 of 3rd period - Robert Thomas wins face-off versus Roope Hintz in Panthers zone.
4:52 of 3rd period - Off-side.
4:53 of 3rd period - Mika Zibanejad wins face-off versus Mikael Backlund in neutral zone.
5:01 of 3rd period - Icing by Jamie Benn.
5:02 of 3rd period - Mika Zibanejad wins face-off versus Reilly Smith in Panthers zone.
5:11 of 3rd period - Shot by Jared McCann.
5:11 of 3rd period - Shot Misses the Net.
5:19 of 3rd period - Shot by Mika Zibanejad.
5:19 of 3rd period - Stopped by Craig Anderson without a rebound.
5:20 of 3rd period - Robert Thomas wins face-off versus Aleksander Barkov in Panthers zone.
5:27 of 3rd period - Shot by Robert Thomas.
5:27 of 3rd period - Shot Misses the Net.
5:30 of 3rd period - Icing by Charlie McAvoy.
5:31 of 3rd period - Aleksander Barkov wins face-off versus Mika Zibanejad in Panthers zone.
5:31 of 3rd period - Aleksander Barkov is hit by Jared McCann.
5:43 of 3rd period - Shot by Aleksander Barkov.
5:43 of 3rd period - Stopped by Linus Ullmark with a rebound.
6:36 of 3rd period - Off-side.
6:37 of 3rd period - Frederick Gaudreau wins face-off versus Robert Thomas in neutral zone.
6:50 of 3rd period - Shot by William Nylander.
6:50 of 3rd period - Deflect By Johnny Gaudreau.
6:50 of 3rd period - Shot Misses the Net.
6:52 of 3rd period - Shot by Aaron Ekblad.
6:52 of 3rd period - Deflect By William Nylander.
6:52 of 3rd period - Goal by William Nylander - Flyers : 5 - Panthers : 3.
6:53 of 3rd period - Calle Jarnkrok wins face-off versus Roope Hintz in neutral zone.
7:04 of 3rd period - Shot by Calle Jarnkrok.
7:04 of 3rd period - Stopped by Craig Anderson without a rebound.
7:05 of 3rd period - Frederick Gaudreau wins face-off versus Robert Thomas in Panthers zone.
7:05 of 3rd period - Frederick Gaudreau is hit by William Nylander.
7:17 of 3rd period - Shot by Charlie McAvoy.
7:17 of 3rd period - Shot Misses the Net.
9:21 of 3rd period - Shot by Roope Hintz.
9:21 of 3rd period - Deflect By Jack Hughes.
9:21 of 3rd period - Stopped by Linus Ullmark without a rebound.
9:22 of 3rd period - Reilly Smith wins face-off versus Eetu Luostarinen in Flyers zone.
9:32 of 3rd period - Minor Penalty to Eetu Luostarinen for Tripping.
9:33 of 3rd period - Roope Hintz wins face-off versus Robert Thomas in Flyers zone.
9:38 of 3rd period - Shot by Charlie McAvoy.
9:38 of 3rd period - Stopped by Linus Ullmark without a rebound.
9:39 of 3rd period - William Nylander wins face-off versus Roope Hintz in Flyers zone.
9:56 of 3rd period - Shot by Brady Tkachuk.
9:56 of 3rd period - Shot Misses the Net.
10:00 of 3rd period - Shot by Roope Hintz.
10:00 of 3rd period - Stopped by Linus Ullmark without a rebound.
10:01 of 3rd period - Aleksander Barkov wins face-off versus Robert Thomas in Flyers zone.
10:01 of 3rd period - Aleksander Barkov is hit by Aaron Ekblad.
10:11 of 3rd period - Shot by Mike Matheson.
10:11 of 3rd period - Deflect By Jack Hughes.
10:11 of 3rd period - Shot Misses the Net.
10:21 of 3rd period - Shot by Mike Matheson.
10:21 of 3rd period - Shot Misses the Net.
10:23 of 3rd period - Shot by Aleksander Barkov.
10:23 of 3rd period - Shot Misses the Net.
10:33 of 3rd period - Shot by Mike Matheson.
10:33 of 3rd period - Stopped by Linus Ullmark without a rebound.
10:34 of 3rd period - Roope Hintz wins face-off versus Brandon Tanev in Flyers zone.
10:37 of 3rd period - Shot by Quinn Hughes.
10:37 of 3rd period - Stopped by Linus Ullmark without a rebound.
10:38 of 3rd period - Robert Thomas wins face-off versus Roope Hintz in Flyers zone.
10:38 of 3rd period - Alex Pietrangelo is hit by Brady Tkachuk and loses puck.
10:45 of 3rd period - Shot by Quinn Hughes.
10:45 of 3rd period - Shot Misses the Net.
10:47 of 3rd period - Shot by Quinn Hughes.
10:47 of 3rd period - Shot Misses the Net.
10:49 of 3rd period - Shot by Charlie McAvoy.
10:49 of 3rd period - Shot Misses the Net.
11:10 of 3rd period - Shot by Quinn Hughes.
11:10 of 3rd period - Stopped by Linus Ullmark without a rebound.
11:11 of 3rd period - Aleksander Barkov wins face-off versus Mika Zibanejad in Flyers zone.
11:57 of 3rd period - Shot by Reilly Smith.
11:57 of 3rd period - Deflect By Jamie Benn.
11:57 of 3rd period - Shot Misses the Net.
12:41 of 3rd period - Shot by Brady Tkachuk.
12:41 of 3rd period - Shot Misses the Net.
13:07 of 3rd period - Shot by Jake DeBrusk.
13:07 of 3rd period - Stopped by Craig Anderson without a rebound.
13:08 of 3rd period - Aleksander Barkov wins face-off versus Robert Thomas in Panthers zone.
13:33 of 3rd period - Shot by Johnny Gaudreau.
13:33 of 3rd period - Deflect By Robert Thomas.
13:33 of 3rd period - Stopped by Craig Anderson without a rebound.
13:34 of 3rd period - Brandon Tanev wins face-off versus Mikael Backlund in Panthers zone.
14:07 of 3rd period - Brandon Tanev is hit by Owen Power and loses puck.
14:14 of 3rd period - Shot by Calle Jarnkrok.
14:14 of 3rd period - Deflect By Joel Farabee.
14:14 of 3rd period - Stopped by Craig Anderson with a rebound.
14:45 of 3rd period - Vince Dunn is hit by Andrei Svechnikov and loses puck.
14:47 of 3rd period - Minor Penalty to Johnny Gaudreau for Hooking.
14:48 of 3rd period - Aleksander Barkov wins face-off versus Robert Thomas in Flyers zone.
15:01 of 3rd period - Shot by Quinn Hughes.
15:01 of 3rd period - Shot Misses the Net.
15:54 of 3rd period - Aaron Ekblad is hit by Matthew Tkachuk and loses puck.
16:25 of 3rd period - Shot by Roope Hintz.
16:25 of 3rd period - Shot Blocked by Alex Pietrangelo.
16:27 of 3rd period - Shot by Roope Hintz.
16:27 of 3rd period - Shot Misses the Net.
16:33 of 3rd period - Shot by Brady Tkachuk.
16:33 of 3rd period - Shot Blocked by Brandon Tanev.
16:35 of 3rd period - Shot by Owen Power.
16:35 of 3rd period - Shot Misses the Net.
18:39 of 3rd period - Shot by Oliver Ekman-Larsson.
18:39 of 3rd period - Stopped by Linus Ullmark without a rebound.
18:40 of 3rd period - Mika Zibanejad wins face-off versus Roope Hintz in Flyers zone.
18:44 of 3rd period - Minor Penalty to Jake Sanderson for Tripping.
18:45 of 3rd period - Mikael Backlund wins face-off versus Mika Zibanejad in Panthers zone.
18:53 of 3rd period - Off-side.
18:54 of 3rd period - Mikael Backlund wins face-off versus Mika Zibanejad in neutral zone.
19:36 of 3rd period - Shot by Robert Thomas.
19:36 of 3rd period - Shot Misses the Net.
19:54 of 3rd period - Shot by Mikael Backlund.
19:54 of 3rd period - Stopped by Linus Ullmark without a rebound.
19:55 of 3rd period - Mikael Backlund wins face-off versus Eetu Luostarinen in Flyers zone.
Goals for this period are 1 for Flyers vs 1 for Panthers.
Shots for this period are 9 for Flyers vs 12 for Panthers.